 Dungeon Crawl Stone Soup version 0.31-a0-496-g6f97920a28 (webtiles) character file.

Game seed: 6118626248512581391

17 Zonian the Ruffian (level 2, 14/18 HPs)
             Began as an Octopode Shapeshifter on Aug 9, 2023.
             Was a Follower of Vehumet.
             Quit the game on level 1 of the Dungeon.
             The game lasted 00:00:45 (116 turns).

Zonian the Ruffian (Octopode Shapeshifter)           Turns: 116, Time: 00:00:46

Health: 14/18      AC:  1    Str: 14    XL:     2   Next: 62%
Magic:  2/2        EV: 13    Int: 10    God:    Vehumet [*.....]
Gold:   0          SH:  0    Dex: 12    Spells: 1/1 levels left

rFire   . .          .
                       - Unarmed
rCold   . . .        (no shield)
rNeg    . . .        (helmet currently unavailable)
rPois   .            (no amulet)
rElec   .            (no ring)
rCorr   .            (no ring)
SInv    .            (no ring)
Will    .....        (no ring)
Stlth   ++           (no ring)
HPRegen 0.23/turn    (no ring)
MPRegen 0.08/turn    (no ring)
                     (no ring)

%: no passive effects
@: beast-form
A: beast (slay +2), almost no armour, amphibious, 8 rings, camouflage 1,
gelatinous body 1, (nimble swimmer 1), tentacles
a: Begin Untransformation, Renounce Religion


You were on level 1 of the Dungeon.
You worshipped Vehumet.
Vehumet was aware of your devotion.
You were a hulking beast.
You visited 1 branch of the dungeon, and saw 1 of its levels.

Inventory:

Talismans
 b - a beast talisman (active)
 c - a flux talisman
Scrolls
 d - a scroll of butterflies {unknown}
Potions
 a - a potion of lignification


   Skills:
 + Level 1.4 Fighting
 + Level 2.3 Dodging
 + Level 3.2 Unarmed Combat
 + Level 3.1 Shapeshifting


You had one spell level left.
You didn't know any spells.
Your spell library contained the following spells:

 Spells                   Type           Power      Damage    Failure   Level
 Magic Dart               Conj           0%         1d3       36%         1
 Summon Small Mammal      Summ           0%         N/A       36%         1
 Call Canine Familiar     Summ           0%         N/A       75%         3
 Summon Guardian Golem    Hex/Summ       0%         N/A       75%         3


Dungeon Overview and Level Annotations

Branches:
Dungeon (1/15)

Altars:
Vehumet


Innate Abilities, Weirdness & Mutations

You are a hulking beast.
Your limbs bulge with bestial killing power. (Slay +2)
You cannot wear most types of armour.
You are amphibious.
You can wear up to eight rings at the same time.
Your skin changes colour to match your surroundings (Stealth+).
Your rubbery body absorbs attacks. (AC +1, EV +1)
((You are camouflaged when in or above water. (Stealth+)))
You have tentacles for arms and can constrict up to eight enemies at once.


Message History

The helpless endoplasm fails to defend itself.
You bludgeon the endoplasm!
You kill the endoplasm!
The giant cockroach barely misses you.
You closely miss the giant cockroach. You grab the giant cockroach.
You constrict the giant cockroach.
The giant cockroach bites you but does no damage.
You tentacle-slap the giant cockroach. You squeeze the giant cockroach.
You kill the giant cockroach!
You barely miss the ball python. You grab the ball python.
You constrict the ball python. The ball python bites you.
The ball python misses you. The ball python barely misses you.
The ball python grabs you. The ball python constricts you.
You are too injured to fight recklessly!
You are too injured to fight recklessly!
You are too injured to fight recklessly!
Unknown command.
You tentacle-slap the ball python.
You kill the ball python!
You closely miss the hobgoblin. You grab the hobgoblin.
You squeeze the hobgoblin, but do no damage.
You constrict the hobgoblin, but do no damage.
The hobgoblin misses you.
You tentacle-slap the hobgoblin.
You kill the hobgoblin!
You tentacle-slap the endoplasm.
You kill the endoplasm!
The endoplasm quivers.
You tentacle-slap the endoplasm.
You kill the endoplasm!
No target in view!
There is a stone staircase leading down here.
There is a fountain of clear blue water here.
There is a faded altar of an unknown god here.
This altar belongs to (a) Vehumet, (b) Ashenzari or (c) Uskayaw, but you can't tell which.
Press the corresponding letter to learn more about a god, or press enter to convert or escape to cancel.
Vehumet accepts your prayer! Vehumet welcomes you!
You can now gain magical power from killing.
Vehumet offers you knowledge of Magic Dart.
Are you sure you want to abandon this character and quit the game? (Confirm with "yes".)

.. #| #†###.#
#.##.####.....#
#.........###.#
###..##.###.###.###
##......>...........
#.........##...####.
#...8.⌠.8.#..#.##
#.........#..#(..
#...⌠.h.⌠..........
#...........#####.#
##..8.⌠.8...#.....#
#............### .
#...............
#...........####
#.....†.....#
#...........#
#...........#


There were no monsters in sight!

Vanquished Creatures
  3 endoplasms (D:1)
  2 giant cockroaches (D:1)
  2 goblins (D:1)
  A hobgoblin (D:1)
  4 jackals (D:1)
  A ball python (D:1)
13 creatures vanquished.

Notes
Turn   | Place    | Note
-------+----------+-------------------------------------------
     0 | D:1      | Zonian the Octopode Shapeshifter began the quest for the
                  | Orb.
     0 | D:1      | Reached XP level 1. HP: 13/13 MP: 1/1
    60 | D:1      | Found a faded altar of an unknown god.
    66 | D:1      | Reached XP level 2. HP: 9/18 MP: 2/2
   115 | D:1      | Prayed at the altar of an unknown god.
   115 | D:1      | Became a worshipper of Vehumet
   115 | D:1      | Reached * piety under Vehumet
   115 | D:1      | Offered knowledge of Magic Dart by Vehumet.
   116 | D:1      | Quit the game

Illustrated notes

Levels and vault maps discovered:
D:1:      heliophobic_arrival_battle_scene, layout_basic,
          hellmonk_ecumenical_altar_dog_temple, minmay_misc_feat_room

Action                     || total
---------------------------++-------
  Melee: Unarmed           ||    20
         Constrict         ||     6
         Tentacles         ||     4
   Stab: Sleeping          ||     2
 Armour: Skin              ||     1
  Dodge: Dodged            ||    10

Table legend: (Time is in decaauts)
 A = Elapsed time spent in this place.
 B = Non-inter-level travel time spent in this place.
 C = Inter-level travel time spent in this place.
 D = Time resting spent in this place.
 E = Time spent auto-exploring this place.
 F = Levels seen in this place.
 G = Mean time per level.
                   A        B        C        D        E       F      G
               +--------+--------+--------+--------+--------+-----+--------+
         Total |    115 |    115 |      0 |      0 |     42 |   1 |  115.0 |
       Dungeon |    115 |    115 |      0 |      0 |     42 |   1 |  115.0 |
               +--------+--------+--------+--------+--------+-----+--------+

Top non-repeatable levels by time:
     D:1: 115 daAuts
